 Dungeon Crawl Stone Soup version 0.25-a0-71-ge910a4a285 (webtiles) character file.

Game seed: 16274233701181034272, levelgen mode: deterministic

153 MrRokkomies the Ruffian (level 5, 47/47 (48) HPs)
             Began as a Ghoul Monk on Nov 3, 2019.
             Was a Believer of Sif Muna.
             Quit the game on level 3 of the Dungeon.
             The game lasted 00:06:25 (1582 turns).

MrRokkomies the Ruffian (Ghoul Monk)                Turns: 1582, Time: 00:06:26

HP:   47/47 (48)    AC: 11    Str: 16    XL:     5   Next: 35%
MP:   13/13         EV:  5    Int:  5    God:    Sif Muna [**....]
Gold: 179           SH:  0    Dex: 11    Spells: 4/4 levels left

rFire    . . .     SeeInvis .     - Unarmed
rCold    + . .     Gourm    .   (no shield)
rNeg     + + +     Faith    .   g - +0 plate armour
rPois    ∞         Spirit   .   (no helmet)
rElec    .         Reflect  .   (no cloak)
rCorr    .         Harm     .   (no gloves)
MR       .....                  o - +0 pair of boots
Stlth    ..........             (no amulet)
HPRegen  0.15/turn              f - ring of magical power
MPRegen  0.13/turn              (no ring)

@: rotting
A: rotting body, claws 1, carnivore, cold resistance 1, negative energy
resistance 3, inhibited regeneration, torment resistance, unbreathing
a: Channel Magic, Renounce Religion


You were on level 3 of the Dungeon.
You worshipped Sif Muna.
Sif Muna was pleased with you.
You were not hungry.

You visited 1 branch of the dungeon, and saw 3 of its levels.

You collected 179 gold pieces.

Inventory:

Hand Weapons
 d - a +0 dagger of venom
Missiles
 c - 8 javelins (quivered)
 i - 7 poisoned darts
 n - a throwing net
Armour
 a - a +0 robe
 e - a +0 ring mail
 g - a +0 plate armour (worn)
 o - a +0 pair of boots (worn)
Jewellery
 f - a ring of magical power (left claw)
Potions
 h - a potion of flight {unknown}
 j - 2 potions of curing
 k - a potion of might {unknown}
 l - 2 potions of brilliance {unknown}
 m - a potion of magic {unknown}
 q - a potion of berserk rage {unknown}
Comestibles
 b - 6 rations


   Skills:
 * Level 5.1 Fighting
 - Level 2.6 Dodging
 - Level 2.1 Stealth
 * Level 5.1 Unarmed Combat


You had 4 spell levels left.
You didn't know any spells.
Your spell library was empty.

Dungeon Overview and Level Annotations

Branches:
Dungeon (3/15)

Altars:
Sif Muna


Innate Abilities, Weirdness & Mutations

Your body is rotting away.
You thrive on raw meat.
You are immune to poison.
You have sharp fingernails.
You are carnivorous and can eat meat at any time.
Your flesh is cold resistant. (rC+)
You are immune to negative energy. (rN+++)
You do not regenerate when monsters are visible.
You are immune to unholy pain and torment.
You can survive without breathing.


Message History

You see here a cursed -3 halberd.
Things that are here:
a +0 club; a gnoll corpse; an adder corpse
Found a throwing net.
Found a faded altar of an unknown god.
You see here a throwing net.
n - a throwing net
There is a faded altar of an unknown god here.
You cannot tell which god this altar belongs to.
Convert to them anyway?
Okay, then.
Unknown command.
Press < or > to pray at altars.
You cannot tell which god this altar belongs to.
Convert to them anyway?
Sif Muna accepts your prayer! Sif Muna welcomes you!
You can now call upon Sif Muna for magical energy.
Unknown command.
Press < or > to pray at altars.
Your library has no spells.
Are you sure you want to abandon this character and quit the game? (Confirm with "yes".)

##..#.##.#
##..7.7...###
#.777777....#
##7.77777.77.#
#....†.77777.#
#..77)77777..#
......g.7)777.77..#
...##...7)7..7777.#
. ...7.7.7.7.@77.#
##...77...77.77.#
#..7 77777.777.#
#.. 77 77.# #. #[.#
####


There were no monsters in sight!

Vanquished Creatures
  2 adders
  7 gnolls (D:3)
  An ooze (D:2)
  3 worms (D:2)
  A dart slug (D:1)
  5 bats
  4 giant cockroaches
  9 goblins
  A hobgoblin (D:3)
  5 jackals
  A quokka (D:2)
  3 ball pythons
  2 frilled lizards
  9 kobolds
  4 rats
57 creatures vanquished.

Notes
Turn   | Place    | Note
-------+----------+-------------------------------------------
     0 | D:1      | MrRokkomies the Ghoul Monk began the quest for the Orb.
     0 | D:1      | Reached XP level 1. HP: 19/19 MP: 0/0
   267 | D:1      | Reached XP level 2. HP: 16/26 MP: 1/1
   557 | D:1      | Reached XP level 3. HP: 24/33 MP: 2/2
  1086 | D:2      | Reached XP level 4. HP: 41/41 MP: 3/3
  1523 | D:3      | Reached XP level 5. HP: 21/47 MP: 4/4
  1523 | D:3      | Reached skill level 5 in Fighting
  1523 | D:3      | Reached skill level 5 in Unarmed Combat
  1576 | D:3      | Found a faded altar of an unknown god.
  1581 | D:3      | Became a worshipper of Sif Muna the Loreminder
  1581 | D:3      | Reached * piety under Sif Muna
  1581 | D:3      | Reached ** piety under Sif Muna
  1582 | D:3      | Quit the game

Levels and vault maps discovered:
D:1:      dpeg_arrival_rhombi, layout_loops_ring, minmay_split_cup_large
D:2:      layout_basic, minmay_distorted
D:3:      kennysheep_six_static_rooms, layout_loops_corners,
          chequers_ecumenical_altar_grove, nicolae_ru_path_of_blood

Skill      XL: |  1  2  3  4  5 |
---------------+----------------+-----
Fighting       | 4 5 |  5.1
Unarmed Combat | 4 5 |  5.1
Dodging        | |  2.6
Stealth        | |  2.1

Action                   |  1- 3 |  4- 6 || total
-------------------------+-------+-------++-------
Melee: Dagger            |    15 |       ||    15
       Unarmed           |    94 |    78 ||   172
       Punch             |       |     2 ||     2
Throw: Javelin           |       |     9 ||     9
  Use: Scroll            |     2 |     4 ||     6
 Stab: Sleeping          |     2 |       ||     2
  Eat: Chunk             |     3 |     5 ||     8
Armor: Ring mail         |    38 |    19 ||    57
       Robe              |     2 |       ||     2
       Plate armour      |       |    25 ||    25
Dodge: Dodged            |    63 |    57 ||   120

Table legend:
 A = Non-vault XP
 B = Vault XP
 C = Vault XP percentage of total XP
 D = Non-vault monster count
 E = Vault monster count
 F = Vault count percentage of total count
                 A         B        C        D         E       F
            +---------+---------+-------+---------+---------+-------
      Total |     202 |      17 |   7.8 |      50 |       7 |  12.3
            +---------+---------+-------+---------+---------+-------
        D:1 |      31 |       8 |  20.5 |      17 |       5 |  22.7
        D:2 |      55 |       9 |  14.1 |      21 |       2 |   8.7
        D:3 |     116 |       0 |   0.0 |      12 |       0 |   0.0
            +---------+---------+-------+---------+---------+-------
